 Dungeon Crawl Stone Soup version 0.25.1-2-g60ff931df9 (webtiles) character file.

Game seed: 14706721974964208246

65 Mitsuki the Covered (level 3, 0/34 HPs)
             Began as a Deep Dwarf Fighter on Aug 5, 2020.
             Slain by Natasha (4 damage)
             ... on level 2 of the Dungeon.
             The game lasted 00:05:11 (741 turns).

Mitsuki the Covered (Deep Dwarf Fighter)             Turns: 741, Time: 00:05:11

Health: 0/34       AC:  7    Str: 19    XL:     3   Next: 92%
Magic:  3/3        EV:  7    Int:  8    God:
Gold:   53         SH:  9    Dex: 13    Spells: 2/2 levels left

rFire    . . .     SeeInvis .   a - +0 war axe
rCold    . . .     Gourm    .   c - +0 kite shield
rNeg     . . .     Faith    .   b - +0 scale mail
rPois    .         Spirit   .   (no helmet)
rElec    .         Reflect  .   (no cloak)
rCorr    .         Harm     .   (no gloves)
MR       .....                  (no boots)
Stlth    ..........             (no amulet)
HPRegen  0.00/turn              (no ring)
MPRegen  0.08/turn              (no ring)

@: lethally poisoned (0 -> 0), non-regenerating
A: damage resistance, heal wounds, sense surroundings 1, no regeneration
a: Heal Wounds


You were on level 2 of the Dungeon.
You were not hungry.

You visited 1 branch of the dungeon, and saw 2 of its levels.

You collected 53 gold pieces.

Inventory:

Hand Weapons
 a - a +0 war axe (weapon)
Armour
 b - a +0 scale mail (worn)
 c - a +0 kite shield (worn)
Jewellery
 g - an uncursed amulet of faith {unknown}
Scrolls
 e - a scroll of teleportation {unknown}
 i - a scroll of identify {unknown}
 j - a scroll of remove curse {unknown}
 l - a scroll of fear {unknown}
 m - a scroll of immolation {unknown}
Potions
 d - 2 potions of might
 h - a potion of lignification
 k - a potion of invisibility {unknown}
Comestibles
 f - 2 rations
 n - 5 chunks of flesh


   Skills:
 * Level 3.4 Fighting
 + Level 2.9 Axes
 + Level 3.7 Armour
 + Level 3.7 Shields


You had 2 spell levels left.
You didn't know any spells.
Your spell library was empty.

Dungeon Overview and Level Annotations

Branches:
Dungeon (2/15)

Altars:

Annotations:
D:2 Natasha


Innate Abilities, Weirdness & Mutations

You are resistant to damage.
You can heal yourself by infusing magical energy.
You passively map a small area around you.
You do not regenerate.


Message History

You hit the white imp but do no damage.
The white imp hits you but does no damage.
You block Natasha's attack. You block the white imp's attack.
The adder bites you.
You are poisoned.
The adder poisons you! Natasha claws you but does no damage.
You slash Natasha!
Natasha is almost dead.
You hit the white imp but do no damage. You slash the adder!
You block the adder's attack.
The white imp hits you but does no damage.
You block Natasha's attack. The adder closely misses you.
You barely miss Natasha.
Natasha is almost dead.
You slash the white imp! You miss the adder. The white imp gestures at you.
The puff of frost hits you. You block Natasha's attack.
The adder bites you but does no damage. The white imp barely misses you.
Natasha claws you.
You die...

* *
*........#.######.######...
...#..... [............)< *
** #......# * **##.........
, * #......# #..##...### #.
#...#######.###...... *
#.##.........#.# #...... *
##.#..#......(..# #......
,..###...§##.S......##
#.[....
........###.@.....##
#......
##.!......##5h.....#
#####.#
*##..####>#.##.......# .#
......#..#.....((...# *
......#.####...######
,......#.# ##(..# *
........###..#.### * , *
##.÷........... ,, *
##.....####..... ,


You could see Natasha, an adder and a white imp (summoned).

Vanquished Creatures
  Jessica (D:2)
  A dart slug (D:1)
  3 leopard geckos (D:1)
  5 giant cockroaches (D:1)
  5 goblins
  4 hobgoblins (D:1)
  5 kobolds
  3 bats (D:1)
  5 rats
32 creatures vanquished.

Notes
Turn   | Place    | Note
-------+----------+-------------------------------------------
     0 | D:1      | Mitsuki the Deep Dwarf Fighter began the quest for the Orb.
     0 | D:1      | Reached XP level 1. HP: 20/20 MP: 1/1
   142 | D:1      | Reached XP level 2. HP: 21/27 MP: 2/2
   226 | D:1      | Reached XP level 3. HP: 17/34 MP: 3/3
   660 | D:2      | Noticed Jessica
   672 | D:2      | Killed Jessica
   714 | D:2      | Noticed Natasha
   741 | D:2      | Slain by Natasha

Illustrated notes

Levels and vault maps discovered:
D:1:      dpeg_arrival_boxes_within_box, layout_rooms,
          hangedman_decor_diamond_cutter
D:2:      layout_rooms, minmay_circle_x, uniq_jessica, uniq_natasha,
          uniq_sigmund

Skill      XL: |  1  2 |
---------------+-------+-----
Fighting       | 3 |  3.4
Axes           | |  2.9
Armour         | |  3.7
Shields        | |  3.7

Action                   || total
-------------------------++-------
Melee: War axe           ||    93
  Use: Potion            ||     1
Armor: Scale mail        ||    41
Dodge: Dodged            ||    39
Block: Kite shield       ||    74
